 Dungeon Crawl Stone Soup version 0.24.0-29-g8ce449bc06 (webtiles) character file.

Game seed: 11807383089114491919, levelgen mode: deterministic

8744 Flugslaktarn the Cleaver (level 11, -1/100 HPs)
             Began as a Deep Dwarf Fighter on Nov 16, 2019.
             Was an Elder of Makhleb.
             Slain by a ten-headed hydra (3 damage)
             ... on level 1 of the Lair of Beasts.
             The game lasted 00:08:01 (7227 turns).

Flugslaktarn the Cleaver (Deep Dwarf Fighter)       Turns: 7227, Time: 00:08:02

Health: -1/100     AC: 13    Str: 22    XL:     11   Next: 13%
Magic:  3/3        EV:  8    Int: 10    God:    Makhleb [****..]
Gold:   878        SH:  0    Dex: 12    Spells: 10/10 levels left

rFire    . . .     SeeInvis +   a - +0 broad axe (freeze)
rCold    . . .     Gourm    .   (no shield)
rNeg     + . .     Faith    +   H - +0 chain mail {MR+}
rPois    .         Spirit   .   (no helmet)
rElec    .         Reflect  .   x - +0 cloak
rCorr    .         Harm     .   G - +0 pair of gloves
MR       ++...                  (no boots)
Stlth    ..........             y - amulet of faith
HPRegen  0.00/turn              i - ring of see invisible
MPRegen  0.08/turn              n - ring of positive energy

@: non-regenerating
A: damage resistance, heal wounds, sense surroundings 2, no regeneration
a: Heal Wounds, Minor Destruction, Lesser Servant of Makhleb, Major Destruction,
Renounce Religion


You were on level 1 of the Lair of Beasts.
You worshipped Makhleb.
Makhleb was greatly pleased with you.
You were not hungry.

You visited 4 branches of the dungeon, and saw 13 of its levels.

You collected 1038 gold pieces.
You spent 160 gold pieces at shops.

Inventory:

Hand Weapons
 a - a +0 broad axe of freezing (weapon)
   (You took it off an orc warrior on level 1 of the Orcish Mines)
 b - a +1 vampiric spear
   (You bought it in a shop on level 4 of the Dungeon)
Missiles
 s - a throwing net (quivered)
Armour
 l - a +0 plate armour
   (You took it off an orc knight on level 1 of the Orcish Mines)
 x - a +0 cloak (worn)
   (You took it off Crazy Yiuf on level 5 of the Dungeon)
 G - a +0 pair of gloves (worn)
   (You found it on level 7 of the Dungeon)
 H - a +0 chain mail of magic resistance (worn)
   (You took it off an orc on level 7 of the Dungeon)
Jewellery
 i - a ring of see invisible (left hand)
   (You found it on level 6 of the Dungeon)
 n - a ring of positive energy (right hand)
   (You found it on level 1 of the Lair of Beasts)
 y - an amulet of faith (around neck)
   (You found it on level 5 of the Dungeon)
 A - an uncursed amulet of harm {unknown}
   (You found it on level 5 of the Dungeon)
Wands
 B - a wand of iceblast (9)
   (You took it off Ijyb on level 5 of the Dungeon)
Scrolls
 f - 3 scrolls of immolation
 g - a scroll of enchant armour
 o - a scroll of magic mapping
 t - 4 scrolls of teleportation
 z - 7 scrolls of remove curse
 I - a scroll of enchant weapon {unknown}
 J - a scroll of torment {unknown}
Potions
 d - a potion of magic {unknown}
 h - 2 potions of haste
 k - a potion of ambrosia
 m - 3 potions of lignification
 q - 2 potions of curing
 v - a potion of flight
 w - 3 potions of heal wounds
 D - a potion of berserk rage
 E - 2 potions of mutation {unknown}
 F - 2 potions of cancellation
Comestibles
 e - 19 rations
 j - 3 chunks of flesh


   Skills:
 + Level 7.2 Fighting
 * Level 11.4 Axes
 + Level 8.7 Armour
   Level 8.8 Shields
 + Level 7.3 Invocations


You had 10 spell levels left.
You didn't know any spells.
Your spell library was empty.

Dungeon Overview and Level Annotations

Branches:
Dungeon (9/15)             Temple (1/1) D:7            Lair (1/6) D:8
    Orc (2/2) D:9
    Elf: Orc:2

Altars:
Ashenzari
Cheibriados
Dithmenos
Elyvilon
Fedhas
Gozag
Hepliaklqana
Kikubaaqudgha
Makhleb
Nemelex Xobeh
Okawaru
Qazlal
Ru
Sif Muna
Trog
Uskayaw
Vehumet
Wu Jian
Xom
Yredelemnul
Zin

Shops:
D:4 (   D:9 (   Orc:1 }   Orc:2 =

Annotations:
D:8 3 runed translucent doors, Flugslaktarn's ghost, novice DDFi; Matador8's ghost, novice NaWr


Innate Abilities, Weirdness & Mutations

You are resistant to damage.
You can heal yourself by infusing magical energy.
You passively map the area around you.
You do not regenerate.


Message History

* * * LOW HITPOINT WARNING * * *
The ten-headed hydra bites you!
* * * LOW HITPOINT WARNING * * *
The ten-headed hydra bites you!
* * * LOW HITPOINT WARNING * * *
Evoke which item? (* to show all) (? for menu, Esc to quit)
Okay, then.
Okay, then.
Unknown command.
Evoke which item? (* to show all) (? for menu, Esc to quit)
Aiming: Iceblast
Press: ? - help, Shift-Dir - straight line The mass of ice explodes!
The iceblast engulfs the ten-headed hydra!
The ten-headed hydra is almost dead.
The ten-headed hydra bites you but does no damage.
The ten-headed hydra bites you!
* * * LOW HITPOINT WARNING * * *
The ten-headed hydra bites you!
You die...

.................................
.................................
.................................
.................................
##..#...###.#................(...
....#........#...########.#......
.#..#........#..[# ###......
....#........#...####### #...##P
.#..#...........@....... **
.#..#........#..D#.#....* ,
.#..+........#....... ..*** ,,
.#......)....#...##.... , ## ..
....# #....* ,, , , ,
.....#*,.### *,, * , ..#.... ,# ,
#+##.#.. * * * , , , , ≈ * ,


You could see a ten-headed hydra.

Vanquished Creatures
  Pikel (D:9)
  An orc sorcerer (Orc:1)
  An orc knight (Orc:1)
  2 black mambas (Lair:1)
  Joseph (D:7)
  A hippogriff (D:8)
  Sigmund (D:2)
  A wraith (D:9)
  4 yaks (D:9)
  A human (D:7)
  4 hogs (D:7)
  A warg (Orc:1)
  Menkaure (D:5)
  A hungry ghost (D:9)
  A two-headed ogre zombie (D:9)
  A water moccasin (Lair:1)
  A porcupine (Lair:1)
  4 slaves (D:9)
  A black bear (D:9)
  4 orc warriors
  2 phantoms
  A sky beast (D:6)
  8 ogres
  4 crocodiles
  6 bullfrogs
  2 gnoll sergeants (D:9)
  2 scorpions
  2 wyvern zombies
  4 wights (D:9)
  3 howler monkeys
  4 crimson imps
  5 hounds
  7 orc priests
  Crazy Yiuf (D:5)
  8 orc wizards
  Terence (D:2)
  3 iguanas
  6 worker ants
  Ijyb (D:5)
  7 ogre zombies (D:9)
  8 gnolls
  8 adders
  3 adder skeletons
  4 worms
  A dart slug (D:1)
  6 leopard geckos
  19 orcs
  5 giant cockroaches
  9 goblins
  4 hobgoblins
  7 jackals
  5 quokkas
  3 bats
  2 frilled lizards
  3 goblin zombies (D:9)
  3 hobgoblin skeletons (D:9)
  4 hobgoblin zombies (D:9)
  6 kobolds
  4 orc skeletons (D:9)
  11 orc zombies (D:9)
  A fungus (D:2)
226 creatures vanquished.

Notes
Turn   | Place    | Note
-------+----------+-------------------------------------------
     0 | D:1      | Flugslaktarn the Deep Dwarf Fighter began the quest for the
                  | Orb.
     0 | D:1      | Reached XP level 1. HP: 20/20 MP: 1/1
    70 | D:2      | Noticed Sigmund
   105 | D:2      | HP: 1/20 [something (2)]
   117 | D:2      | Killed Sigmund
   117 | D:2      | Reached skill level 4 in Axes
   117 | D:2      | Reached XP level 2. HP: 18/28 MP: 1/1
   117 | D:2      | Reached XP level 3. HP: 22/34 MP: 2/2
   117 | D:2      | Reached XP level 4. HP: 27/42 MP: 3/3
   117 | D:2      | Reached XP level 5. HP: 31/49 MP: 4/4
   285 | D:2      | Found a white marble altar of Elyvilon.
   334 | D:2      | Found a blossoming altar of Fedhas.
   417 | D:2      | Noticed Terence
   430 | D:2      | Killed Terence
   719 | D:2      | Found a shimmering blue altar of Sif Muna.
  1075 | D:4      | Found Axidy's Weapon Shoppe.
  1214 | D:4      | Reached XP level 6. HP: 52/56 MP: 5/5
  1222 | D:4      | Got a heavily runed shield
  1234 | D:4      | Identified the +2 shield of Jas Vodepp {MR+ Regen+ Int+4}
                  | (You found it on level 4 of the Dungeon)
  1804 | D:5      | Entered Level 5 of the Dungeon
  1854 | D:4      | Bought a +1 vampiric spear for 160 gold pieces
  1917 | D:5      | Found an iron altar of Okawaru.
  1930 | D:5      | Reached skill level 5 in Axes
  2328 | D:5      | Noticed Menkaure
  2340 | D:5      | Killed Menkaure
  2340 | D:5      | Reached XP level 7. HP: 21/64 MP: 6/6
  2344 | D:5      | Reached skill level 5 in Armour
  2364 | D:5      | Reached skill level 5 in Shields
  2468 | D:5      | Reached skill level 6 in Axes
  2495 | D:5      | Noticed Ijyb
  2512 | D:5      | Killed Ijyb
  2705 | D:5      | Found a runed translucent door.
  2706 | D:5      | Noticed Crazy Yiuf
  2900 | D:5      | Killed Crazy Yiuf
  3069 | D:6      | Found a bloodstained altar of Trog.
  3514 | D:7      | Reached XP level 8. HP: 72/73 MP: 6/6
  3521 | D:7      | Noticed Joseph
  3523 | D:7      | Found a staircase to the Ecumenical Temple.
  3569 | D:7      | Killed Joseph
  3569 | D:7      | Reached skill level 5 in Fighting
  3569 | D:7      | Reached skill level 7 in Axes
  3588 | Temple   | Entered the Ecumenical Temple
  3624 | Temple   | Became a worshipper of Makhleb the Destroyer
  3664 | D:7      | Found a radiant altar of Vehumet.
  3725 | D:7      | Found an ornate altar of the Wu Jian Council.
  3727 | D:7      | Found a stormy altar of Qazlal.
  3738 | D:7      | Reached skill level 1 in Invocations
  4138 | D:7      | Reached skill level 8 in Axes
  4142 | D:7      | Got a brightly glowing scale mail
  4153 | D:7      | Identified the +1 scale mail of the City {+Fly} (You found
                  | it on level 7 of the Dungeon)
  4481 | D:7      | Gained mutation: You passively map the area around you.
                  | [Deep Dwarf growth]
  4481 | D:7      | Reached XP level 9. HP: 53/81 MP: 6/6
  4551 | D:8      | Reached skill level 9 in Axes
  4625 | D:8      | Found a runed translucent gate.
  4625 | D:8      | Found a runed translucent gate.
  4625 | D:8      | Found a runed translucent gate.
  4625 | D:8      | Noticed Flugslaktarn's ghost (novice DDFi)
  4626 | D:8      | Noticed Matador8's ghost (novice NaWr)
  4640 | D:8      | Found a staircase to the Lair.
  4789 | D:8      | Reached * piety under Makhleb
  5048 | D:8      | Found a glowing silver altar of Zin.
  5214 | D:8      | Found a hide-covered altar of Uskayaw.
  5273 | Lair:1   | Entered Level 1 of the Lair of Beasts
  5273 | Lair:1   | Noticed a black mamba
  5297 | Lair:1   | Killed a black mamba
  5301 | Lair:1   | Noticed a black mamba
  5321 | Lair:1   | Killed a black mamba
  5321 | Lair:1   | Reached skill level 5 in Invocations
  5321 | Lair:1   | Reached XP level 10. HP: 25/91 MP: 8/8
  5542 | Lair:1   | Reached skill level 10 in Axes
  5774 | D:9      | Reached ** piety under Makhleb
  5783 | D:9      | Found a sacrificial altar of Ru.
  5896 | D:9      | Noticed Pikel
  5941 | D:9      | Killed Pikel
  5941 | D:9      | Reached *** piety under Makhleb
  5979 | D:9      | Found a staircase to the Orcish Mines.
  6115 | D:9      | Found Xerejuimp's Antique Weapon Shop.
  6277 | D:9      | Reached skill level 11 in Axes
  6382 | D:9      | Found a shattered altar of Ashenzari.
  6485 | Orc:1    | Entered Level 1 of the Orcish Mines
  6488 | Orc:1    | Found Releo's Gadget Shop.
  6545 | Orc:1    | Noticed an orc sorcerer
  6558 | Orc:1    | Killed an orc sorcerer
  6579 | Orc:1    | Reached **** piety under Makhleb
  6765 | Orc:1    | Reached XP level 11. HP: 58/100 MP: 6/6
  6965 | Orc:2    | Entered Level 2 of the Orcish Mines
  6965 | Orc:2    | Found Wiliuxie's Jewellery Shoppe.
  6965 | Orc:2    | Noticed an orc knight
  6991 | Orc:1    | Killed an orc knight
  6995 | Orc:2    | Noticed an orc high priest
  7217 | Lair:1   | Noticed a seven-headed hydra
  7226 | Lair:1   | HP: 4/100 [ten-headed hydra (6)]
  7227 | Lair:1   | Slain by a ten-headed hydra

Levels and vault maps discovered:
D:1:      matt_arrival_los_fun, layout_basic
D:2:      minmay_chambers_of_twos, layout_basic, fedhas_altar_3,
          marbit_many_paths, led_sif_pool, uniq_sigmund, uniq_terence
D:3:      layout_loops_ring, nicolae_overflow_crystal_walls,
          grunt_qazlal_sundering, uniq_jessica
D:4:      layout_basic, serial_shops, shop, first_ration, solitary_fountain
D:5:      layout_basic, kennysheep_okawaru_gauntlet, palyth_stone_intersect,
          uniq_crazy_yiuf_cottage, uniq_menkaure, uniq_ijyb
D:6:      layout_cave_pods, lemuel_doored_altar
D:7:      layout_gridville, vehumet_crystals,
          chequers_temple_overflow_statue_of_worship,
          minmay_temple_entry_overgrown, minmay_statues_item, grunt_livestock,
          uniq_joseph
D:8:      layout_basic, lemuel_round_altar, kennysheep_little_box,
          dpeg_oklobed_lair, gammafunk_ghost_cemetery
D:9:      layout_cave_pools, old_standard_altar, kennysheep_mini,
          zombieorc2_lemuel, serial_gnoll_camp, gnoll_camp_mini_shop,
          gnoll_camp_mini_basic, gnoll_camp_mini_hut, gnoll_camp_mini_hut,
          uniq_pikel
Temple:   kb_temple_of_zot
Lair:1:   layout_regular_city, chequers_serial_rivers_micro_b
Orc:1:    layout_caves, serial_shops, shop, nicolae_orc_pool_cavern
Orc:2:    grunt_orc_gardens, layout_caves, grunt_orc_garden, grunt_orc_garden,
          grunt_orc_garden, grunt_orc_garden, bloody_makhleb

Skill      XL: |  1  2  3  4  5  6  7  8  9 10 |
---------------+-------------------------------+-----
Fighting       | 3 4 5 6 7 |  7.2
Axes           | 4 5 6 8 9 11 | 11.4
Armour         | 4 5 6 7 8 |  8.7
Shields        | 4 5 6 7 8 |  8.8
Invocations    | 2 5 7 |  7.3

Action                   |  1- 3 |  4- 6 |  7- 9 | 10-12 || total
-------------------------+-------+-------+-------+-------++-------
Melee: War axe           |    24 |   149 |   366 |   381 ||   920
       Spear             |       |   112 |    54 |       ||   166
       Broad axe         |       |       |       |    16 ||    16
Invok: Lesser Servant of |       |       |       |     1 ||     1
 Abil: Heal Wounds       |     3 |     1 |    32 |    25 ||    61
Evoke: Wand              |       |       |     5 |     5 ||    10
  Use: Potion            |       |       |     4 |     1 ||     5
       Scroll            |       |       |       |    15 ||    15
  Eat: Chunk             |       |     5 |     7 |     5 ||    17
       Ration            |       |       |     1 |     1 ||     2
Armor: Scale mail        |    18 |    93 |   116 |       ||   227
       Chain mail        |       |       |    81 |   250 ||   331
       Skin              |       |       |    15 |       ||    15
       Plate armour      |       |       |       |     6 ||     6
Dodge: Dodged            |    11 |    46 |   151 |   194 ||   402
Block: Shield            |    11 |   120 |    54 |       ||   185
